 Seeded DCSS version 0.27.1-3-gb3d3a73c9e (webtiles) character file.

Game seed: 20211018 (custom seed)

81 jessy the Cudgeller (level 4, -2/37 HPs)
             Began as a Draconian Gladiator on Oct 18, 2021.
             Slain by a worm (6 damage)
             ... on level 3 of the Dungeon.
             The game lasted 00:09:37 (2479 turns).

jessy the Cudgeller (Draconian Gladiator)           Turns: 2479, Time: 00:09:38

Health: -2/37      AC:  5    Str: 18    XL:     4   Next: 20%
Magic:  4/4        EV: 12    Int:  8    God:
Gold:   84         SH:  3    Dex: 12    Spells: 3/3 levels left

rFire    . . .     SeeInvis +   a - +0 flail
rCold    . . .     Faith    .   f - +0 buckler
rNeg     . . .     Spirit   .   (armour unavailable)
rPois    .         Reflect  .   b - +0 hat
rElec    .         Harm     .   (no cloak)
rCorr    .         Rampage  .   (no gloves)
Will     .....                  (no boots)
Stlth    +.........             (no amulet)
HPRegen  0.12/turn              w - ring of see invisible
MPRegen  0.09/turn              y - ring of flight

@: lethally poisoned (-2 -> -4), flying
A: AC +5, unfitting armour, cold-blooded
a: no special abilities


You were on level 3 of the Dungeon.
You visited 1 branch of the dungeon, and saw 3 of its levels.

You collected 84 gold pieces.

Inventory:

Hand Weapons
 a - a +0 flail (weapon)
 i - a +2 dagger of electrocution
 p - a +0 short sword
 s - a +0 whip
 v - a +0 falchion
Missiles
 c - 3 throwing nets (quivered)
 g - 57 stones
 j - 38 bolts
 k - 10 poisoned darts
 x - 42 arrows
Armour
 b - a +0 hat (worn)
 f - a +0 buckler (worn)
 l - a +0 ring mail
Jewellery
 w - a ring of see invisible (left hand)
 y - a ring of flight (right hand)
Scrolls
 d - a scroll of enchant armour {unknown}
 e - a scroll of blinking {unknown}
 h - a scroll of torment {unknown}
 m - a scroll of noise {unknown}
 o - 2 scrolls of fog {unknown}
 q - a scroll of fear {unknown}
 A - a scroll of acquirement {unknown}
Potions
 n - a potion of mutation {unknown}
 r - 2 potions of haste {unknown}
 t - a potion of resistance {unknown}
 u - a potion of might {unknown}
 z - a potion of curing {unknown}


   Skills:
 + Level 2.7 Fighting
 + Level 4.0 Maces & Flails
 + Level 1.8 Throwing
 + Level 3.1 Dodging
 + Level 0.9 Stealth
 + Level 0.9 Shields


You had 3 spell levels left.
You didn't know any spells.
Your spell library was empty.

Dungeon Overview and Level Annotations

Branches:
Dungeon (3/15)

Altars:


Innate Abilities, Weirdness & Mutations

Your plain brown scales are hard. (AC +5)
You cannot fit into any form of body armour.
You are cold-blooded and may be slowed by cold attacks.


Message History

The adder poisons you!
You miss the adder.
The adder is heavily wounded.
You feel sick. The bat hits you but does no damage. The bat closely misses you.
The adder misses you. You block the bat's attack.
The adder bites you but does no damage.
You barely miss the adder.
The adder is heavily wounded.
You feel sick. The bat hits you but does no damage.
The adder closely misses you. The bat hits you but does no damage.
You feel sick. The bat barely misses you.
The adder bites you but does no damage. The bat hits you but does no damage.
The adder closely misses you.
You closely miss the bat.
Your tail-slap misses the bat.
The bat is moderately wounded.
You feel sick. The bat closely misses you. You block the adder's attack.
A kobold comes into view. It is wielding a +0 dagger.
Found 2 javelins.
You feel sick.
You are no longer poisoned.
The bat barely misses you. The adder barely misses you.
You block the adder's attack.
The kobold shouts!
The adder bites you but does no damage. The bat hits you but does no damage.
The bat closely misses you. The adder bites you. The adder barely misses you.
The bat hits you but does no damage. The adder bites you.
You miss the bat. The bat hits you.
* * * LOW HITPOINT WARNING * * *
The adder bites you.
* * * LOW HITPOINT WARNING * * *
You are poisoned.
The adder poisons you!
You feel sick. The bat hits you but does no damage.
The adder closely misses you.
You sock the worm!
The worm is heavily wounded.
You feel sick. The bat hits you but does no damage. The adder bites you.
* * * LOW HITPOINT WARNING * * *
You block the kobold's attack. The worm bites you.
You die...

.........####
##..####....#####..
#...##...##.......#
#.#.##.## ##.#.....
#.#.#..####..# ###.
#.#... #...##
######.#.#####.###
.......w.......######...
.......@S.............#
.....b.K..#..######...#
#####....###.# ## #..###
#.# #.. #<# #.. #.# ..(
#.# #.#. #.. ....


You could see a worm, an adder, a bat and a kobold.

Vanquished Creatures
  2 adders (D:2)
  A white imp (D:3)
  2 worms (D:2)
  2 dart slugs
  3 ball pythons
  3 bats
  4 endoplasms
  A giant cockroach (D:2)
  6 hobgoblins
  5 jackals
  A quokka (D:1)
  3 frilled lizards
  3 goblins
  4 kobolds
  6 rats
46 creatures vanquished.

Notes
Turn   | Place    | Note
-------+----------+-------------------------------------------
     0 | D:1      | jessy the Draconian Gladiator began the quest for the Orb.
     0 | D:1      | Reached XP level 1. HP: 17/17 MP: 1/1
   306 | D:1      | Reached XP level 2. HP: 23/24 MP: 2/2
   312 | D:1      | HP: 1/24 [goblin (19)]
   372 | D:1      | HP: 1/24 [rat (2)]
  1360 | D:2      | Reached XP level 3. HP: 25/30 MP: 3/3
  2036 | D:2      | Found a faded altar of an unknown god.
  2083 | D:2      | Reached XP level 4. HP: 22/37 MP: 4/4
  2459 | D:3      | Reached skill level 4 in Maces & Flails
  2479 | D:3      | Slain by a worm

Illustrated notes

Levels and vault maps discovered:
D:1:      matt_arrival_grand_opening, layout_basic, minmay_close_crescents
D:2:      layout_loops_ring, basic_ecumenical_altar
D:3:      layout_rooms

Skill      XL: |  1  2  3  4 |
---------------+-------------+-----
Dodging        | 3 |  3.1
Maces & Flails | 4 |  4.0
Fighting       | |  2.7
Throwing       | |  1.8
Stealth        | |  0.9
Shields        | |  0.9

Action                   |  1- 3 |  4- 6 || total
-------------------------+-------+-------++-------
Melee: Flail             |   108 |    15 ||   123
       Tailslap          |    10 |     3 ||    13
       Dagger            |     3 |       ||     3
  Use: Scroll            |     1 |       ||     1
 Stab: Sleeping          |     1 |       ||     1
Armor: Skin              |    42 |    13 ||    55
Dodge: Dodged            |    83 |    17 ||   100
Block: Buckler           |    18 |     5 ||    23
